 Dungeon Crawl Stone Soup version 0.26.1-11-gd32895ea62 (webtiles) character file.

Game seed: 5083769192770466136

272237 Almogavar the Slayer (level 20, -1/178 HPs)
             Began as a Hill Orc Fighter on Apr 20, 2021.
             Was the Champion of Okawaru.
             Splashed by an acid blob's acid (2 damage)
             ... created by the Royal Jelly
             ... on level 5 of the Pits of Slime.
             The game lasted 02:33:02 (42215 turns).

Almogavar the Slayer (Hill Orc Fighter)            Turns: 42215, Time: 02:33:03

Health: -1/178     AC: 20    Str: 38    XL:     20   Next: 25%
Magic:  23/23      EV: 20    Int: 11    God:    Okawaru [******]
Gold:   2665       SH: 20    Dex: 20    Spells: 19/19 levels left

rFire    . . .     SeeInvis .   k - +4 hand axe of Optimality {pain, Fragile rPois Dex+6 Stlth+}
rCold    + . .     Faith    .   n - +2 kite shield of Protective Custody {-Tele Will+ Slay+4}
rNeg     + . .     Spirit   .   w - +10 chain mail of Rosk {rPois}
rPois    +         Reflect  .   q - +2 helmet
rElec    .         Harm     .   W - +2 cloak {rCorr}
rCorr    +         Rampage  .   J - +2 pair of gloves {Str+3}
Will     ++++.     NoTele   +   o - +2 pair of boots of Ydaqoc {+Blink rC+ Str+7 Int-2}
Stlth    ++........             U - amulet of regeneration
HPRegen  0.00/turn              s - ring of positive energy
MPRegen  0.18/turn              C - ring of the Mage {Wiz Will++ Int+3}

@: mighty, heroism, corroded
A: thin skeletal structure 1, agile 1, clever 1, deformed body, frail 1, sense
surroundings 1, inhibited regeneration
}: 2/15 runes: decaying, gossamer
a: Renounce Religion, Evoke Blink, Heroism, Finesse


You were on level 5 of the Pits of Slime.
You worshipped Okawaru.
Okawaru was exalted by your worship.
You visited 7 branches of the dungeon, and saw 37 of its levels.
You also visited: Sewer and Volcano.

You collected 3525 gold pieces.
You spent 860 gold pieces at shops.

Inventory:

Hand Weapons
 f - the +0 broad axe of Causality {flame, *Noise rPois Str+4}
   (Okawaru gifted it to you on level 6 of the Lair of Beasts)

   It has been specially enchanted to burn those struck by it, causing extra
   injury to most foes and up to half again as much damage against particularly
   susceptible opponents.
   Big, fiery blades are also staple armaments of hydra-hunters.
   It affects your strength (+4).
   It protects you from poison.
   It may make noises in combat.
 k - the +4 hand axe of Optimality (weapon) {pain, Fragile rPois Dex+6 Stlth+}
   (Okawaru gifted it to you on level 3 of the Pits of Slime)

   In the hands of one skilled in necromantic magic, it inflicts extra damage on
   living creatures.
   It affects your dexterity (+6).
   It protects you from poison.
   It will be destroyed if unequipped.
   It makes you more stealthy.
 V - the +6 executioner's axe of Conscience {freeze, Stlth+}
   (Okawaru gifted it to you on level 2 of the Swamp)

   It has been specially enchanted to freeze those struck by it, causing extra
   injury to most foes and up to half again as much damage against particularly
   susceptible opponents.
   It can also slow down cold-blooded creatures.
   It makes you more stealthy.
Missiles
 d - 10 silver boomerangs
 e - 7 javelins
 x - 4 boomerangs of dispersal
 A - 34 boomerangs (quivered)
Armour
 n - the +2 kite shield of Protective Custody (worn) {-Tele Will+ Slay+4}
   (You took it off Donald on level 1 of the Spider Nest)

   It affects your accuracy and damage with ranged weapons and melee attacks
   (+4).
   It affects your willpower, your defense against some magical effects.
   It prevents most forms of teleportation.
 o - the +2 pair of boots of Ydaqoc (worn) {+Blink rC+ Str+7 Int-2}
   (Okawaru gifted it to you on level 11 of the Dungeon)

   It affects your strength (+7).
   It affects your intelligence (-2).
   It protects you from cold.
   It lets you blink.
 q - a +2 helmet (worn)
 w - the +10 chain mail of Rosk (worn) {rPois}
   (Okawaru gifted it to you on level 1 of the Orcish Mines)

   It protects you from poison.
 B - a +2 chain mail of fire resistance
 H - a +2 buckler
 J - a +2 pair of gloves of strength (worn)
 K - a +2 chain mail of positive energy
 N - the +6 plate armour of Shadows and Fog {Will++}
   (You acquired it on level 6 of the Lair of Beasts)

   It affects your willpower, your defense against some magical effects.
 R - a +3 chain mail of cold resistance
 W - a +2 cloak of preservation (worn)
 X - a +0 pair of boots of flying
Jewellery
 l - an uncursed ring of protection from cold
 r - an uncursed ring of protection from fire
 s - a ring of positive energy (left hand)
 C - the ring of the Mage (right hand) {Wiz Will++ Int+3}
   (You found it on level 5 of the Dungeon)

   [ring of wizardry]

   It improves your spell success rate.
   It affects your intelligence (+3).
   It affects your willpower, your defense against some magical effects.
 L - a +6 ring of strength
 P - an uncursed ring of poison resistance
 Q - an uncursed ring of resist corrosion
 U - an amulet of regeneration (around neck)
Wands
 c - a wand of flame (21)
 v - a wand of digging (5)
 E - a wand of acid (10)
 S - a wand of iceblast (22)
Scrolls
 i - 14 scrolls of teleportation
 j - a scroll of blinking
 u - 7 scrolls of fear
 y - 5 scrolls of fog
 z - 2 scrolls of summoning
 F - 9 scrolls of remove curse
 O - 2 scrolls of enchant weapon
 Z - 2 scrolls of magic mapping
Potions
 a - a potion of resistance
 b - 3 potions of haste
 g - 14 potions of heal wounds
 m - a potion of might
 p - 2 potions of cancellation
 G - 16 potions of curing
 M - 4 potions of invisibility
 T - 2 potions of berserk rage
Miscellaneous
 h - a phantom mirror
 I - a phial of floods
 Y - a lightning rod (3/4)


   Skills:
 + Level 21.2(26.2) Fighting
 - Level 20.2(25.2) Axes
 - Level 0.3(16.8) Maces & Flails
 - Level 12.1(17.1) Throwing
 - Level 15.0(20.0) Armour
 + Level 8.3(13.3) Dodging
 - Level 0.2(5.2) Stealth
 - Level 15.2(20.2) Shields
 + Level 4.1 Invocations
 * Level 4.5 Evocations


You had 19 spell levels left.
You didn't know any spells.
Your spell library contained the following spells:

 Spells                   Type           Power        Failure   Level
 Corona                   Hex            0%           28%         1
 Freeze                   Ice            0%           28%         1
 Sandblast                Erth           0%           28%         1
 Sting                    Tmut/Pois      0%           28%         1
 Corpse Rot               Necr/Air       N/A          41%         2
 Passwall                 Tmut/Erth      0%           41%         2
 Slow                     Hex            0%           41%         2
 Confusing Touch          Hex            0%           63%         3
 Frozen Ramparts          Ice            0%           63%         3
 Gell's Gravitas          Tloc           0%           63%         3
 Inner Flame              Hex/Fire       0%           63%         3
 Mephitic Cloud           Conj/Pois/Air  0%           63%         3
 Ozocubu's Armour         Ice            0%           63%         3
 Portal Projectile        Hex/Tloc       0%           63%         3
 Spider Form              Tmut/Pois      0%           63%         3
 Stone Arrow              Conj/Erth      0%           63%         3
 Animate Dead             Necr           0%           95%         4
 Cause Fear               Hex            0%           95%         4
 Hailstorm                Conj/Ice       0%           95%         4
 Leda's Liquefaction      Hex/Erth       0%           95%         4
 Petrify                  Tmut/Erth      0%           95%         4
 Summon Ice Beast         Ice/Summ       0%           95%         4
 Alistair's Intoxication  Tmut/Pois      0%           100%        5
 Borgnjor's Vile Clutch   Necr/Erth      0%           100%        5
 Irradiate                Conj/Tmut      0%           100%        5
 Lee's Rapid Deconstruct  Erth           0%           100%        5
 Metabolic Englaciation   Hex/Ice        0%           100%        5
 Summon Demon             Summ           0%           100%        5
 Summon Forest            Summ/Tloc      0%           100%        5
 Summon Mana Viper        Hex/Summ       0%           100%        5
 Yara's Violent Unravell  Hex/Tmut       0%           100%        5
 Death Channel            Necr           0%           100%        6
 Eringya's Noxious Bog    Tmut/Pois      0%           100%        6
 Hydra Form               Tmut           0%           100%        6
 Shadow Creatures         Summ           N/A          100%        6
 Simulacrum               Ice/Necr       0%           100%        6
 Statue Form              Tmut/Erth      0%           100%        6
 Dragon Form              Tmut           0%           100%        7
 Summon Hydra             Summ           0%           100%        7


Dungeon Overview and Level Annotations

Branches:
Dungeon (15/15)            Temple (1/1) D:4            Lair (6/6) D:11
  Swamp (4/4) Lair:4       Spider (4/4) Lair:2        Slime (5/5) Lair:6
    Orc (2/2) D:11            Elf (0/3) Orc:2        Vaults (0/5) D:14
 Depths (0/5) D:15          Sewer (visited)         Volcano (visited)

Altars:
Ashenzari
Cheibriados
Dithmenos
Elyvilon
Fedhas
Gozag
Hepliaklqana
Kikubaaqudgha
Makhleb
Nemelex Xobeh
Okawaru
Qazlal
Ru
Sif Muna
Trog
Uskayaw
Vehumet
Wu Jian
Xom
Yredelemnul
Zin
The Shining One

Shops:
D:5 ***?   D:6 (   D:14 !   Orc:2 }*??:

Annotations:
Slime:5 Royal Jelly


Innate Abilities, Weirdness & Mutations

You have a somewhat thin skeletal structure. (Dex +2, Stealth)
You are agile. (Dex +2)
Your mind is acute. (Int +2)
Armour fits poorly on your strangely shaped body.
You are frail. (-10% HP)
You passively map a small area around you.
You do not regenerate when monsters are visible.


Message History

* * * LOW HITPOINT WARNING * * *
You slice the slime creature!!
Your chain mail of Rosk prevents you from hitting the azure jelly.
The Royal Jelly shudders.
The Royal Jelly spits out another jelly.
The azure jelly jiggles.
The azure jelly hits you but does no damage.
You block the azure jelly's attack.
The azure jelly hits you but does no damage. x2
You block the azure jelly's attack.
The azure jelly hits you but does no damage.
The azure jelly completely misses you. x2
The Royal Jelly completely misses you. The Royal Jelly hits you.
* * * LOW HITPOINT WARNING * * *
The acid corrodes you!
You are splashed with acid.
You resist.
* * * LOW HITPOINT WARNING * * *
The acid blob hits you!!
* * * LOW HITPOINT WARNING * * *
You are splashed with acid.
You resist.
You die...

##.......................#####
#..........................#.#
##............................#
##............................###
#..............................##
#................................
...<.............................
..............JJ.J...............
...............J@................
...............JJJ...............
................J................
................J................
.................................
...........####.#####............
..........## *#..#*, #...........
.........##, ,##.# #. ........
........##, * .# ...^...


You could see the Royal Jelly, an acid blob, 5 azure jellies, a slime creature
and a death ooze.

Vanquished Creatures
  Nikola (Spider:1)
  Arachne (Spider:2)
  Rupert (Spider:1)
  10 acid blobs
  Agnes (Spider:1)
  Donald (Spider:1)
  8 azure jellies
  4 ghost moths
  7 emperor scorpions
  A stone giant (Orc:1)
  11 bunyips
  Azrael (Spider:2)
  A spark wasp (Spider:4)
  3 entropy weavers (Spider:4)
  A fire dragon (Lair:6)
  7 eleionomae
  A death ooze (Slime:5)
  An ogre mage (D:15)
  3 great orbs of eyes
  A shambling mangrove (Swamp:4)
  3 ghost crabs
  36 hydras
  3 boulder beetles
  5 catoblepae
  A death knight (D:15)
  3 centaur warriors
  8 two-headed ogres
  2 dancing weapons (D:14)
  4 alligators (Swamp:3)
  A queen ant (Spider:4)
  4 tengu warriors (D:14)
  A hell hog (Volcano)
  3 death yaks (Lair:5)
  6 orc high priests
  2 spriggan berserkers (Swamp:4)
  Urug (D:10)
  Sonja (D:13)
  12 skeletal warriors
  5 goliath frogs
  An unseen horror (D:12)
  3 wizards
  8 spriggan druids
  2 lindwurms
  18 swamp dragons
  6 bog bodies
  A glowing orange brain (Slime:5)
  Pikel (D:4)
  29 wolf spiders
  A deep elf mage (D:15)
  8 orc knights
  10 ugly things
  An oklob plant (Lair:5)
  3 orc sorcerers
  A manticore (D:10)
  13 orb spiders
  5 shining eyes
  3 will-o-the-wisps
  3 cyclopes
  3 salamanders (Volcano)
  8 elephants
  The ghost of UnDebs the Conjurer, a novice DECj (D:6)
  2 centaur zombies
  9 black mambas
  2 torpor snails (Spider:1)
  A guardian serpent (shapeshifter) (D:14)
  2 gargoyles
  An eye of devastation (Slime:5)
  16 cane toads
  3 molten gargoyles (Lair:6)
  A naga mage (D:15)
  A kobold demonologist (D:13)
  2 efreet (D:15)
  A freezing wraith (D:15)
  17 komodo dragons
  A tengu conjurer (D:15)
  10 demonic crawlers
  37 jumping spiders
  3 meliai (Spider:4)
  6 trolls
  4 bloated husks
  9 tyrant leeches
  Grinder (D:6)
  20 blink frogs
  A harpy skeleton (D:14)
  14 hornets
  41 slime creatures
  A meliai zombie (D:14)
  30 tarantellas
  88 redbacks
  6 wraiths
  A fire bat (Volcano)
  7 spriggans
  10 wyverns
  3 fire elementals (Spider:2)
  61 yaks
  A human (shapeshifter) (D:15)
  6 basilisks
  3 steam dragons (Lair:6)
  11 vampire mosquitoes
  Grum (D:6)
  16 swamp worms
  A warg (D:10)
  23 soldier ants (Spider:4)
  14 water moccasins
  An acid dragon (D:14)
  9 hell hounds
  6 sky beasts
  5 black bears
  2 necrophages
  40 orc warriors
  15 swamp drakes
  6 ice beasts
  2 phantoms
  2 eyes of draining
  11 wolves
  15 ogres
  22 centaurs
  3 lemures
  21 bullfrogs
  4 big kobolds
  4 gnoll sergeants (D:6)
  A wyvern skeleton (D:11)
  4 scorpions
  10 killer bees
  6 wights (D:11)
  8 electric eels
  2 howler monkeys
  5 lava snakes (Lair:6)
  2 bullfrog zombies
  3 quasits
  14 hounds
  11 jellies
  35 orc priests
  A bullfrog skeleton (D:8)
  2 gnoll shamans (D:6)
  2 centaur skeletons
  8 iguanas
  32 worker ants
  18 orc wizards
  7 hell rats (Lair:4)
  3 hound skeletons
  2 hound zombies
  Robin (D:2)
  21 adders
  25 gnolls
  A howler monkey skeleton (D:10)
  4 shadow imps
  2 white imps
  3 ufetubi
  An ooze (D:3)
  2 adder zombies
  3 adder skeletons
  A worm (D:3)
  A dart slug (D:2)
  5 leopard geckos
  101 orcs
  3 ball pythons
  5 giant cockroaches
  12 goblins
  11 hobgoblins
  13 jackals
  6 quokkas
  9 bats
  2 frilled lizards
  32 kobolds
  3 leopard gecko skeletons
  A quokka skeleton (D:4)
  7 rats
1402 creatures vanquished.

Vanquished Creatures (others)
  3 bloated husks
  A hornet (Swamp:4)
  A redback (Spider:4)
  3 bushes (Lair:6)
  8 foxfires
  19 fungi
  52 plants
87 creatures vanquished.

Grand Total: 1489 creatures vanquished

Notes
Turn   | Place    | Note
-------+----------+-------------------------------------------
     0 | D:1      | Almogavar the Hill Orc Fighter began the quest for the Orb.
     0 | D:1      | Reached XP level 1. HP: 19/19 MP: 1/1
   267 | D:1      | Reached XP level 2. HP: 27/27 MP: 2/2
   893 | D:2      | Reached XP level 3. HP: 15/33 MP: 3/3
  1233 | D:2      | Reached XP level 4. HP: 40/40 MP: 4/4
  1248 | D:2      | Reached skill level 4 in Fighting
  1412 | D:2      | Found a glowing silver altar of Zin.
  1412 | D:2      | Found a faded altar of an unknown god.
  1420 | D:2      | Found a blossoming altar of Fedhas.
  1422 | D:2      | Found a radiant altar of Vehumet.
  1424 | D:2      | Found a faded altar of an unknown god.
  1692 | D:2      | Noticed Robin
  1712 | D:2      | Killed Robin
  1817 | D:2      | Reached XP level 5. HP: 46/46 MP: 5/5
  2034 | D:2      | Reached skill level 5 in Axes
  2415 | D:3      | Found a broken altar of Ashenzari.
  2515 | D:3      | Reached XP level 6. HP: 52/52 MP: 6/6
  3346 | D:4      | Noticed Pikel
  3713 | D:4      | Reached XP level 7. HP: 60/60 MP: 7/7
  3796 | D:4      | Got a twisted scale mail
  3878 | D:4      | Killed Pikel
  3879 | D:4      | Reached skill level 5 in Fighting
  3879 | D:4      | Reached skill level 1 in Throwing
  3879 | D:4      | Reached skill level 5 in Armour
  3879 | D:4      | Reached skill level 5 in Shields
  3879 | D:4      | Reached XP level 8. HP: 9/68 MP: 8/8
  4352 | D:4      | Found a sacrificial altar of Ru.
  4400 | D:4      | Found a sparkling altar of Nemelex Xobeh.
  4486 | D:4      | Found a staircase to the Ecumenical Temple.
  4496 | Temple   | Entered the Ecumenical Temple
  4535 | Temple   | Became a worshipper of Warmaster Okawaru
  4686 | D:5      | Entered Level 5 of the Dungeon
  4788 | D:5      | Found Gigrocur's General Store.
  4891 | D:5      | Found Madgha's General Store.
  4913 | D:5      | Found Hosein's Magic Scroll Shoppe.
  5003 | D:5      | Bought a scroll of fog for 20 gold pieces
  5003 | D:5      | Bought a scroll of summoning for 95 gold pieces
  5107 | D:5      | Found the ring of the Mage {Wiz Will++ Int+3}
  5219 | D:5      | Found Veugawn's Assorted Antiques.
  5673 | D:6      | Found Biogies's Antique Weapon Shoppe.
  5693 | D:6      | Noticed Grinder
  5695 | D:6      | Paralysed by Grinder for 3 turns
  5719 | D:6      | Killed Grinder
  5742 | D:6      | Found a glowing drain.
  5751 | Sewer    | Entered a sewer
  5802 | Sewer    | Reached * piety under Okawaru
  5803 | Sewer    | Reached skill level 6 in Fighting
  5803 | Sewer    | Reached skill level 1 in Dodging
  6131 | D:6      | Found a runed translucent door.
  6131 | D:6      | Noticed UnDebs's ghost (novice DECj)
  6244 | D:6      | Reached skill level 10 in Axes
  6244 | D:6      | Reached XP level 9. HP: 58/75 MP: 9/9
  6377 | D:6      | Noticed Grum
  6384 | D:6      | Killed Grum
  6761 | D:5      | Reached ** piety under Okawaru
  7355 | D:6      | Identified the +3 scale mail of the Hidden Vale {Str+3
                  | Int+6} (You found it on level 4 of the Dungeon)
  7769 | D:6      | Killed UnDebs's ghost
  7770 | D:6      | Reached skill level 7 in Fighting
  7993 | D:7      | Found a white marble altar of Elyvilon.
  8056 | D:7      | Found a snail-covered altar of Cheibriados.
  8122 | D:7      | Reached XP level 10. HP: 79/86 MP: 10/10
  8768 | D:7      | Found an ornate altar of the Wu Jian Council.
  8768 | D:7      | Found an opulent altar of Gozag.
  8894 | D:8      | Found a bloodstained altar of Trog.
  8920 | D:8      | Noticed a two-headed ogre
  8931 | D:8      | Killed a two-headed ogre
  8931 | D:8      | Reached *** piety under Okawaru
 10238 | D:9      | Noticed a two-headed ogre
 10252 | D:9      | Killed a two-headed ogre
 10252 | D:9      | Reached **** piety under Okawaru
 10253 | D:9      | Reached skill level 8 in Fighting
 11007 | D:9      | Found a stormy altar of Qazlal.
 11412 | D:9      | Reached XP level 11. HP: 89/94 MP: 11/11
 11463 | D:10     | Entered Level 10 of the Dungeon
 11476 | D:9      | Reached skill level 1 in Invocations
 11670 | D:10     | Noticed an orc knight
 11754 | D:9      | Killed an orc knight
 11755 | D:9      | Reached skill level 9 in Fighting
 12073 | D:10     | Noticed a cyclops
 12217 | D:10     | Killed a cyclops
 12240 | D:10     | Noticed a manticore
 12254 | D:10     | Killed a manticore
 12254 | D:10     | Reached ***** piety under Okawaru
 12298 | D:10     | Noticed a seven-headed hydra
 12322 | D:10     | Killed a seven-headed hydra
 12564 | D:10     | Noticed Urug
 12582 | D:10     | Killed Urug
 12582 | D:10     | Received a gift from Okawaru
 13029 | D:10     | Reached skill level 10 in Fighting
 13068 | D:11     | Found a staircase to the Orcish Mines.
 13335 | D:11     | Reached XP level 12. HP: 106/106 MP: 13/13
 13351 | D:11     | Received a gift from Okawaru
 13408 | D:11     | Got a pair of smoking boots {god gift}
 13414 | D:11     | Identified the +2 pair of boots of Ydaqoc {+Blink rC+ Str+7
                  | Int-2} (Okawaru gifted it to you on level 11 of the
                  | Dungeon)
 13669 | D:11     | Found a staircase to the Lair.
 13960 | Orc:1    | Entered Level 1 of the Orcish Mines
 14017 | Orc:1    | Reached skill level 11 in Fighting
 14025 | Orc:1    | Noticed a stone giant
 14039 | Orc:1    | Killed a stone giant
 14055 | Orc:1    | Found a dark tunnel.
 14064 | Volcano  | Entered a volcano
 14206 | Volcano  | Noticed a hell hog
 14206 | Volcano  | Noticed a two-headed ogre
 14217 | Volcano  | Reached skill level 10 in Shields
 14221 | Volcano  | Reached skill level 10 in Armour
 14231 | Volcano  | Killed a two-headed ogre
 14232 | Volcano  | Killed a hell hog
 14233 | Volcano  | Reached skill level 12 in Fighting
 14337 | Volcano  | Noticed a two-headed ogre
 14344 | Volcano  | Killed a two-headed ogre
 14476 | Orc:1    | Received a gift from Okawaru
 14490 | Orc:1    | Got a crude chain mail {god gift}
 14501 | Orc:1    | Identified the +10 chain mail of Rosk {rPois} (Okawaru
                  | gifted it to you on level 1 of the Orcish Mines)
 14902 | Orc:2    | Entered Level 2 of the Orcish Mines
 14954 | Orc:2    | Found Seguguff's Gadget Boutique.
 14972 | Orc:2    | Bought a lightning rod (4/4) for 420 gold pieces
 15108 | Orc:2    | Reached skill level 5 in Dodging
 15279 | Orc:2    | Found a staircase to the Elven Halls.
 15504 | Orc:2    | Noticed an orc high priest
 15644 | Orc:2    | Killed an orc high priest
 15645 | Orc:2    | Reached XP level 13. HP: 109/119 MP: 12/15
 16121 | Orc:2    | Reached skill level 13 in Fighting
 16240 | Orc:2    | Reached skill level 5 in Throwing
 16350 | Orc:2    | Found Qousi's Book Emporium.
 16350 | Orc:2    | Found Tixoe's Assorted Antiques.
 16351 | Orc:2    | Found Hosein's Magic Scroll Emporium.
 16351 | Orc:2    | Found Rimp's Magic Scroll Shoppe.
 16715 | Lair:1   | Entered Level 1 of the Lair of Beasts
 16885 | Lair:1   | Received a gift from Okawaru
 17196 | Lair:1   | You fall into a shaft and drop 1 floor!
 17196 | Lair:2   | Found a hole to the Spider Nest.
 17941 | Lair:2   | Reached ****** piety under Okawaru
 18195 | Lair:2   | Received a gift from Okawaru
 18427 | Lair:2   | Reached skill level 15 in Axes
 18431 | Lair:2   | Reached XP level 14. HP: 130/130 MP: 16/16
 19185 | Lair:3   | Reached skill level 14 in Fighting
 20481 | Lair:4   | Received a gift from Okawaru
 21290 | Lair:4   | Found a staircase to the Swamp.
 21816 | Lair:5   | Received a gift from Okawaru
 22117 | Lair:5   | Gained mutation: You passively map a small area around you.
                  | [potion of mutation]
 22117 | Lair:5   | Gained mutation: Your mind is acute. (Int +2) [potion of
                  | mutation]
 22117 | Lair:5   | Gained mutation: You are agile. (Dex +2) [potion of
                  | mutation]
 22205 | Lair:5   | Identified the Guide on Poisoning
 22530 | Lair:6   | Entered Level 6 of the Lair of Beasts
 22536 | Lair:6   | Reached XP level 15. HP: 139/139 MP: 17/17
 22537 | Lair:6   | Received a gift from Okawaru
 22556 | Lair:6   | Got an ancient broad axe {god gift}
 22557 | Lair:6   | Identified the +0 broad axe of Causality {flame, *Noise
                  | rPois Str+4} (Okawaru gifted it to you on level 6 of the
                  | Lair of Beasts)
 22616 | Lair:6   | Found a large runed translucent door.
 23174 | Lair:6   | Received a gift from Okawaru
 23241 | Lair:6   | Received a gift from Okawaru
 23275 | Lair:6   | Reached skill level 15 in Fighting
 23414 | Lair:6   | Found a staircase to the Slime Pits.
 23656 | Lair:6   | Found a large runed translucent door.
 23976 | Lair:6   | Identified a scroll of acquirement
 23976 | Lair:6   | Acquired the +6 plate armour of Shadows and Fog {Will++}
 25485 | D:13     | Noticed Sonja
 25502 | D:13     | Killed Sonja
 25575 | D:13     | Found a blossoming altar of Fedhas.
 25842 | D:13     | Found a snail-covered altar of Cheibriados.
 25842 | D:13     | Found a snail-covered altar of Cheibriados.
 25963 | D:13     | Found a sacrificial altar of Ru.
 25963 | D:13     | Found a sparkling altar of Nemelex Xobeh.
 25974 | D:13     | Found a shadowy altar of Dithmenos.
 25974 | D:13     | Found a shimmering altar of Xom.
 26028 | D:13     | Received a gift from Okawaru
 26522 | D:14     | Found Meqauned's Distillery.
 26527 | D:14     | Bought a potion of heal wounds for 65 gold pieces
 26527 | D:14     | Bought a potion of heal wounds for 65 gold pieces
 26527 | D:14     | Bought 2 potions of heal wounds for 130 gold pieces
 26527 | D:14     | Bought a potion of heal wounds for 65 gold pieces
 27187 | D:14     | Reached XP level 16. HP: 149/149 MP: 18/18
 27372 | D:14     | Found a gate to the Vaults.
 27386 | D:14     | Received a gift from Okawaru
 27712 | D:15     | Entered Level 15 of the Dungeon
 28003 | D:15     | Reached skill level 16 in Fighting
 28509 | D:15     | Received a gift from Okawaru
 28510 | D:15     | Found the +4 dagger "Morg" {pain, Will+ Int+5}
 28859 | D:15     | Found a staircase to the Depths.
 29132 | Swamp:1  | Entered Level 1 of the Swamp
 30114 | Swamp:2  | Received a gift from Okawaru
 30417 | Swamp:2  | Reached XP level 17. HP: 151/160 MP: 19/19
 30560 | Swamp:2  | Received a gift from Okawaru
 30563 | Swamp:2  | Got a pitted executioner's axe {god gift}
 30569 | Swamp:2  | Identified the +6 executioner's axe of Conscience {freeze,
                  | Stlth+} (Okawaru gifted it to you on level 2 of the Swamp)
 30582 | Swamp:2  | Reached skill level 17 in Fighting
 31546 | Swamp:3  | Received a gift from Okawaru
 32822 | Swamp:4  | Entered Level 4 of the Swamp
 33076 | Swamp:4  | Received a gift from Okawaru
 33135 | Swamp:4  | Reached skill level 18 in Fighting
 33171 | Swamp:4  | Reached skill level 10 in Throwing
 33202 | Swamp:4  | Reached XP level 18. HP: 125/172 MP: 20/20
 33655 | Swamp:4  | Got a decaying rune of Zot
 33748 | Swamp:4  | Received a gift from Okawaru
 34196 | Spider:1 | Entered Level 1 of the Spider Nest
 34211 | Spider:1 | Identified the +2 kite shield of Protective Custody {-Tele
                  | Will+ Slay+4}
 34211 | Spider:1 | Noticed Donald
 34221 | Spider:1 | Killed Donald
 34555 | Spider:1 | Noticed Nikola
 34590 | Spider:1 | Killed Nikola
 34761 | Spider:1 | Identified Sif Muna's Guide on Mutagenic Ice
 34868 | Spider:1 | Noticed Rupert
 34885 | Spider:1 | Killed Rupert
 35033 | Spider:1 | Received a gift from Okawaru
 35053 | Spider:1 | Reached skill level 19 in Fighting
 35532 | Spider:1 | Noticed Agnes
 35535 | Spider:1 | Killed Agnes
 35935 | Spider:2 | Received a gift from Okawaru
 35994 | Spider:2 | Noticed Arachne
 36012 | Spider:2 | Killed Arachne
 36013 | Spider:2 | Reached skill level 15 in Armour
 36745 | Spider:2 | Noticed Azrael
 36755 | Spider:2 | Killed Azrael
 37671 | Spider:3 | Reached XP level 19. HP: 172/184 MP: 21/21
 38593 | Spider:4 | Entered Level 4 of the Spider Nest
 38998 | Spider:4 | Received a gift from Okawaru
 39067 | Spider:4 | Reached skill level 20 in Fighting
 39583 | Spider:4 | Reached skill level 15 in Shields
 39824 | Spider:4 | Got a gossamer rune of Zot
 40240 | Slime:1  | Entered Level 1 of the Pits of Slime
 40408 | Slime:1  | Gained mutation: You do not regenerate when monsters are
                  | visible. [a shining eye]
 40410 | Slime:1  | Received a gift from Okawaru
 40854 | Slime:3  | Received a gift from Okawaru
 40973 | Slime:3  | Received a gift from Okawaru
 40980 | Slime:3  | Got an ancient hand axe {god gift}
 40981 | Slime:3  | Identified the +4 hand axe of Optimality {pain, Fragile
                  | rPois Dex+6 Stlth+} (Okawaru gifted it to you on level 3 of
                  | the Pits of Slime)
 41550 | Slime:4  | Reached XP level 20. HP: 195/195 MP: 23/23
 41554 | Slime:4  | Reached skill level 1 in Evocations
 41750 | Slime:5  | Entered Level 5 of the Pits of Slime
 41775 | Slime:5  | Reached skill level 21 in Fighting
 42058 | Slime:5  | Gained mutation: You are frail. (-10% HP) [a shining eye]
 42124 | Slime:5  | Gained mutation: Armour fits poorly on your strangely
                  | shaped body. [a shining eye]
 42126 | Slime:5  | Gained mutation: You have a somewhat thin skeletal
                  | structure. (Dex +2, Stealth) [a shining eye]
 42195 | Slime:5  | Noticed the Royal Jelly
 42215 | Slime:5  | HP: 1/178 [acid blob[the Royal Jelly] (25)]
 42215 | Slime:5  | Splashed by an acid blob's acid

Illustrated notes

Levels and vault maps discovered:
D:1:      psy_arrival_whirlpool, layout_basic, wad_floor_pattern_2,
          minmay_split_cup_small
D:2:      layout_loops_ring, chequers_temple_overflow_minitemple,
          nrook_campfire, uniq_robin
D:3:      layout_basic, lemuel_crystal_altar, minmay_misc_feat_room
D:4:      layout_cave_pools, general_overflow_altar, old_standard_altar,
          minmay_temple_entry_poolview, uniq_pikel
D:5:      layout_basic, serial_shops, nicolae_shop_competitors_out_of_business,
          kennysheep_mini, shop, shop
D:6:      layout_cave_pools, portal_sewer_entry_d, gammafunk_ghost_grave,
          serial_gnoll_camp, gnoll_camp_mini_house, gnoll_camp_huts_basic,
          gnoll_camp_mini_shop, grums_kennel, gnoll_camp_medium_02, uniq_grinder
D:7:      layout_rooms, gammafunk_temple_overflow_wave,
          overflow_temple_1_default, marbit_many_paths
D:8:      minmay_spotlight, layout_loops_ring, kennysheep_little_box,
          nrook_loot_triangle
D:9:      layout_gridville, nicolae_qazlal_general_emergency
D:10:     hangedman_cross_cluster, layout_rooms, uniq_urug
D:11:     layout_cave_pools, david_lair_shrubbed, david_orc_3
D:12:     layout_basic, amcnicky_mini_rare_corridor_liquid, grunt_ministairs_12
D:13:     minmay_the_grid_octo_tiled_squarecenter_mashed
          [minmay_the_grid_octo_vomiting_pacman, minmay_the_grid_octo_empty,
          minmay_the_grid_octo_77, minmay_the_grid_octo_shrine,
          minmay_the_grid_square_5x5_megaprize_diamond,
          minmay_the_grid_square_5x5_z,
          minmay_the_grid_square_5x5_intrusive_squares,
          minmay_the_grid_square_5x5_detours,
          minmay_the_grid_square_5x5_percent], layout_basic, serial_curves,
          eino_curves_02, eino_curves_04, fedhas_altar_3, uniq_sonja
D:14:     layout_roguey, erik_vaults_1, serial_shops, nicolae_shop_crystal,
          kennysheep_big_empty_room, minmay_orc_keep
D:15:     grunt_enter_depths_magical_seal, layout_irregular_city,
          minmay_tree_intersection
Temple:   cyrus_temple_forest
Lair:1:   layout_regular_city
Lair:2:   cheibrodos_lair_overgrown_chateau, layout_long_grid,
          spider_nest_entry_webs, grunt_megastairs_1
Lair:3:   layout_cave_pods, serial_bayou_shore_a, infiniplex_staircase_pool_2,
          grunt_megastairs_3
Lair:4:   layout_layer_cave, nicolae_swamp_entry_splash_gauntlet, st_stairs_5,
          mumra_transporter_accident
Lair:5:   layout_big_grid, grunt_megastairs_5, lemuel_fruit_tree
Lair:6:   cheibrodos_lair_end_hotspot, layout_big_grid,
          minmay_slime_entry_pillars, serial_bayou_shore_b, serial_bayou_shore_b
Swamp:1:  layout_basic_swamp, evilmike_swamp_ruin_house_2, swamp_pool5,
          infiniplex_staircase_pool
Swamp:2:  layout_basic_swamp, nicolae_swamp_trees_clearing
Swamp:3:  nzn_winding_woodlands_medium [nzn_winding_woodlands_hourglass,
          nzn_winding_woodlands_5x15_lazy_stream,
          nzn_winding_woodlands_5x5_checkerboard,
          nzn_winding_woodlands_5x5_three,
          nzn_winding_woodlands_center_pierced_h,
          nzn_winding_woodlands_5x5_cross,
          nzn_winding_woodlands_5x5_closed_star,
          nzn_winding_woodlands_5x15_pathside_ponds,
          nzn_winding_woodlands_5x5_open_star], layout_basic_swamp,
          hangedman_swamp_diagram
Swamp:4:  swamp_basic_johnstein, layout_basic_swamp, swamp_pool4
Spider:1: layout_chambers, uniq_rupert, uniq_agnes, uniq_nikola, uniq_donald
Spider:2: layout_chambers, drop_trap, hangedman_spider_tarantella_strand,
          uniq_arachne, uniq_azrael
Spider:3: layout_chambers, guppyfry_hornet_nest
Spider:4: grunt_spider_rune_parallel, minivault_29
Slime:1:  layout_caves
Slime:2:  layout_caves
Slime:3:  layout_caves
Slime:4:  layout_caves, nicolae_slime_barrier
Slime:5
Orc:1:    layout_caves, nicolae_volcano_entry_lava_flow
Orc:2:    st_orc_pillars, layout_diamond_mine, serial_shops, shop,
          nicolae_orc_lava_room

Skill      XL: |  1  2  3  4  5  6  7  8  9 10 11 12 13 14 15 16 17 18 19 20 |
---------------+-------------------------------------------------------------+-----
Axes           | 3 4 6 7 8 10 12 13 14 15 17 19 20 | 20.2
Armour         | 4 5 6 7 8 9 10 11 12 13 14 15 | 15.0
Fighting       | 4 5 6 7 8 10 12 13 14 15 16 18 19 20 21 | 21.2
Shields        | 4 5 6 7 9 10 11 12 13 15 | 15.2
Throwing       | 1 2 3 6 7 10 11 12 | 12.1
Dodging        | 1 2 4 5 6 7 8 |  8.3
Invocations    | 2 3 4 |  4.1
Evocations     | 4 |  4.5
Maces & Flails | |  0.3
Stealth        | |  0.2

Action                   |  1- 3 |  4- 6 |  7- 9 | 10-12 | 13-15 | 16-18 | 19-21 || total
-------------------------+-------+-------+-------+-------+-------+-------+-------++-------
Melee: War axe           |    72 |   271 |   412 |   758 |   167 |       |       ||  1680
       Whip              |       |       |       |    14 |       |       |       ||    14
       Broad axe         |       |       |       |       |   940 |   827 |   357 ||  2124
       Executioner's axe |       |       |       |       |       |   205 |       ||   205
       Hand axe          |       |       |       |       |       |       |    49 ||    49
Throw: Dart              |       |     8 |    13 |    19 |       |       |       ||    40
       Boomerang         |       |       |       |    16 |   109 |   269 |   227 ||   621
Invok: Heroism           |       |       |     1 |    12 |     3 |     6 |     4 ||    26
Evoke: Lightning rod     |       |       |       |       |     1 |       |     3 ||     4
       Wand              |       |       |       |       |       |       |     3 ||     3
  Use: Scroll            |       |     8 |     4 |     5 |    13 |    11 |       ||    41
       Potion            |       |     1 |     1 |       |     4 |     2 |     1 ||     9
 Stab: Petrified         |       |       |       |       |     8 |       |       ||     8
       Confused          |       |       |       |       |       |     1 |       ||     1
       Held in net/web   |       |       |       |       |       |       |     8 ||     8
Armor: Scale mail        |    49 |       |    18 |   245 |       |       |       ||   312
       Chain mail        |     1 |   170 |   187 |    37 |   535 |   667 |   227 ||  1824
Dodge: Dodged            |    30 |    58 |   107 |   374 |   443 |   544 |   180 ||  1736
Block: Kite shield       |    47 |   156 |   188 |       |       |   128 |   370 ||   889
       Buckler           |       |       |    14 |   299 |   420 |   106 |       ||   839
